AoeStats
← 海峡

Four Lakes

507462452Analyzed
1v1 RM · 15d ago on Sep 18, 2026· 19m 21s· 2 players
Game mode
Random Map
Map size
Tiny (2 player)
Population
200
Speed
Normal
Resources
Standard
Victory
Conquest
Starting age
Dark Age
Ending age
Imperial Age
RankedLock teamsTeams togetherTeam positionsShared explorationLock speedFull tech treeHidden civsTurbo modeCheats
Victory
Defeat
🇨🇳 Inca · China
1669
+26
🇸🇮 Bengalis · Slovenia
1928
-26
Shoskid
7:02 Loom
10:05 Feudal Age
14:03 Castle Age
12:55 Double-Bit Axe
16:23 Sanctity
16:39 Gold Mining
海峡
10:34 Loom
12:38 Feudal Age
13:35 Double-Bit Axe
13:27 Champi Runner
16:30 Castle Age
14:03 Champi Runner
14:40 Gold Mining
15:10 Scale Mail Armor
15:47 Forging
15:26 Arson
16:09 Fishing Lines
16:16 Fishing Lines
16:56 Champi Warrior
19:15 Squires
Connection lost

Rejoining the realm…

Still unreachable

The connection could not be restored.

Session expired

The server has moved on; the page needs a fresh start.